 Dungeon Crawl Stone Soup version 0.31-a0-963-ga325b2283a (webtiles) character file.

Game seed: 11536028912656501796

3 FudNut the Conjurer (level 1, 0/12 HPs)
             Began as a Gargoyle Reaver on Oct 25, 2023.
             Frozen to death by an endoplasm (2 damage)
             ... on level 1 of the Dungeon.
             The game lasted 00:03:08 (63 turns).

FudNut the Conjurer (Gargoyle Reaver)                 Turns: 63, Time: 00:03:09

Health: 0/12       AC:  5    Str: 15    XL:     1   Next: 50%
Magic:  3/3        EV: 11    Int: 13    God:
Gold:   0          SH:  0    Dex:  8    Spells: 3/4 levels left

rFire   . . .        a - +0 mace
rCold   . . .        (no shield)
rNeg    + . .        b - +0 leather armour
rPois   ∞            (no helmet)
rElec   +            (no cloak)
rCorr   .            (no gloves)
SInv    +            (no boots)
Will    .....        (no amulet)
Stlth   +            c - ring of see invisible
HPRegen 0.22/turn    (no ring)
MPRegen 0.08/turn

%: no passive effects
@: no status effects
A: sickness immunity, AC +2, negative energy resistance 1, electricity
resistance, torment resistance 1, petrification resistance
a: no special abilities


You were on level 1 of the Dungeon.
You visited 1 branch of the dungeon, and saw 1 of its levels.

Inventory:

Hand Weapons
 a - a +0 mace (weapon)
Armour
 b - a +0 leather armour (worn)
Jewellery
 c - a ring of see invisible (left hand)


   Skills:
 + Level 2.2 Fighting
 + Level 3.1 Maces & Flails
 + Level 1.5 Dodging
 + Level 2.0 Spellcasting
 + Level 3.3 Conjurations


You had 3 spell levels left.
You knew the following spells:

 Your Spells              Type           Power      Damage    Failure   Level
a - Kiss of Death         Conj/Necr      20%        2d7       16%         1

Your spell library contained the following spells:

 Spells                   Type           Power      Damage    Failure   Level
 Momentum Strike          Conj/Tloc      10%        3d8       24%         2
 Hailstorm                Conj/Ice       5%         3d4       43%         3


Dungeon Overview and Level Annotations

Branches:
Dungeon (1/15)

Altars:


Innate Abilities, Weirdness & Mutations

You are immune to sickness and miasma.
Your stone body is resilient. (AC +2)
You are immune to poison.
You resist negative energy. (rN+)
You are resistant to electric shocks. (rElec)
You are resistant to unholy torment.
You are immune to petrification.


Message History

You swing at nothing.
You open the door.
A hobgoblin comes into view.
The hobgoblin shouts!
Found a white potion.
A frilled lizard comes into view.
There is an open door here.
You sock the hobgoblin!
You kill the hobgoblin!
An endoplasm comes into view.
The endoplasm quivers.
You see here a hobgoblin corpse.
You hit the frilled lizard but do no damage.
The frilled lizard completely misses you.
You barely miss the frilled lizard.
The frilled lizard bites you but does no damage.
The frilled lizard bites you.
You barely miss the frilled lizard.
The frilled lizard bites you but does no damage.
The endoplasm freezes you.
You are frozen.
The endoplasm attacks as it pursues you!
The endoplasm hits you.
You see here a hobgoblin corpse.
You hit the frilled lizard.
The frilled lizard is severely wounded.
The endoplasm closely misses you. The frilled lizard closely misses you.
You thump the frilled lizard!
You kill the frilled lizard!
The endoplasm closely misses you.
You hit the endoplasm but do no damage. The endoplasm freezes you.
You are frozen.
* * * LOW HITPOINT WARNING * * *
You hit the endoplasm.
The endoplasm is lightly wounded.
The endoplasm hits you but does no damage.
The endoplasm freezes you.
You are frozen.
You die...

≈)§§≈≈.......##.####
≈≈≈≈≈≈....##.......#
§§§§§.....#####....#
..........# #....#
#######...# #....#
##..# #.#### #....
#.# ####..##'####
#...J@..# #.......#
#.......# #.......#
####.....# ....!.#
........ ~♣.....#.#
♣~~~..#.~


You could see an endoplasm.

Vanquished Creatures
  A bat (D:1)
  A hobgoblin (D:1)
  A frilled lizard (D:1)
3 creatures vanquished.

Notes
Turn   | Place    | Note
-------+----------+-------------------------------------------
     0 | D:1      | FudNut the Gargoyle Reaver began the quest for the Orb.
     0 | D:1      | Reached XP level 1. HP: 12/12 MP: 3/3
    63 | D:1      | Frozen to death by an endoplasm

Illustrated notes

Levels and vault maps discovered:
D:1:      lemuel_arrival_lava_pool, layout_basic,
          shapermc_ecumenical_altar_ellora, serial_bayou_lagoon_b

Action                     || total
---------------------------++-------
  Melee: Mace              ||     9
 Armour: Leather armour    ||     5
  Dodge: Dodged            ||     6

Table legend: (Time is in decaauts)
 A = Elapsed time spent in this place.
 B = Non-inter-level travel time spent in this place.
 C = Inter-level travel time spent in this place.
 D = Time resting spent in this place.
 E = Time spent auto-exploring this place.
 F = Levels seen in this place.
 G = Mean time per level.
                   A        B        C        D        E       F      G
               +--------+--------+--------+--------+--------+-----+--------+
         Total |     64 |     59 |      5 |      0 |      0 |   1 |   64.0 |
       Dungeon |     64 |     59 |      5 |      0 |      0 |   1 |   64.0 |
               +--------+--------+--------+--------+--------+-----+--------+

Top non-repeatable levels by time:
     D:1: 64 daAuts
